 Dungeon Crawl Stone Soup version 0.17-a0-2215-g49c1de0 (webtiles) character file.

1244 4thArraOfDagon the Grappler (level 8, -1/63 HPs)
             Began as a Troll Hunter on Oct 27, 2015.
             Slain by a centaur
             ... wielding a cursed -2 shortbow
              (3 damage)
             ... on level 8 of the Dungeon.
             The game lasted 00:06:26 (1388 turns).

4thArraOfDagon the Grappler (Troll Hunter)          Turns: 1388, Time: 00:06:26

Health: -1/63      AC:  6    Str: 20 (21) XL:     8   Next: 25%
Magic:  7/7        EV:  9    Int:  7      God:
Gold:   134        SH:  0    Dex:  9 (10) Spells: 0 memorised, 7 levels left

rFire  + . .     SeeInvis .       - Unarmed
rCold  . . .     Clarity  .     d - +0 robe
rNeg   . . .     SustAt   .     (no shield)
rPois  .         Gourm    +     (helmet restricted)
rElec  +         Spirit   .     (no cloak)
rCorr  .         Warding  .     (gloves unavailable)
rMut   .         Stasis   .     (boots unavailable)
MR     .....                    (no amulet)
Stlth  +.........               (no ring)
                                (no ring)

@: not resistant to hostile enchantments, very unstealthy
A: unfitting armour, claws 3, horns 1, breathe flames 1, deterioration 1, dopey
1, fire resistance 1, fast metabolism 3, frail 1, gourmand, regeneration 2,
shaggy fur 2, electricity resistance, tough skin 2, MP-powered wands
a: Breathe Fire


You were on level 8 of the Dungeon.
You were very full.

You visited 1 branch of the dungeon, and saw 8 of its levels.

You collected 134 gold pieces.

Inventory:

Missiles
 a - 5 large rocks (quivered)
Armour
 d - a +0 robe (worn)
Magical Staves
 l - an uncursed staff of air {unknown}
Jewellery
 g - an uncursed ring of fire
Scrolls
 b - a scroll of random uselessness {unknown}
 f - 2 scrolls of recharging {unknown}
 i - 2 scrolls of remove curse {unknown}
 j - 2 scrolls of immolation {unknown}
 k - a scroll of identify
 m - a scroll of fear {unknown}
Potions
 h - a potion of flight
Comestibles
 c - a beef jerky
 e - 2 bread rations
 n - a slice of pizza


   Skills:
 - Level 1.5 Fighting
 + Level 6.2 Throwing
 - Level 1.5 Dodging
 - Level 0.4 Stealth
 * Level 8.2 Unarmed Combat


You had 7 spell levels left.
You didn't know any spells.

Dungeon Overview and Level Annotations

Branches:
Dungeon (8/15)
 Temple: D:4-7         Lair: D:8-11

Altars:
Ashenzari
Nemelex Xobeh
Yredelemnul


Innate Abilities, Weirdness & Mutations

You are too large for most types of armour.
You have claws for hands.
Your metabolism is lightning-fast.
You like to eat raw meat.
You heal very quickly.
You are covered in thick fur (AC +2).
You have very tough skin (AC +2).
You have a pair of small horns on your head.
You can breathe flames.
Your body sometimes deteriorates upon taking damage.
You are dopey. (Int -2)
Your flesh is heat resistant.
You are frail (-10% HP).
You are resistant to electric shocks.
You expend magic power (3 MP) to strengthen your wands.


Message History

The centaur skeleton hits you but does no damage.
The centaur hits you with an enchanted shortbow.
* * * LOW HITPOINT WARNING * * *
Unknown command.
Unknown command.
Unknown command.
You scratch the centaur but do no damage.
The centaur is almost dead.
The centaur skeleton hits you.
* * * LOW HITPOINT WARNING * * *
The centaur hits you but does no damage.
Unknown command.
Unknown command.
Unknown command.
Unknown command.
You barely miss the centaur.
The centaur is almost dead.
The centaur skeleton hits you but does no damage.
The centaur hits you with an enchanted shortbow.
You die...

#. ## ####
#..##. %..##
#%. .......###
#..)...<......
#...♣.....♣.# #
#..$.......$#.#
#.....♣Z♣.....#
#.....@)......
###.♣.(c..♣.##
#....<....#
##.......#...
##...$.## #
#######


You could see a centaur and a centaur skeleton.

Vanquished Creatures
  Joseph (D:7)
  The ghost of youngkai the Chopper, an amateur MiBe of Trog (D:4)
  Eustachio (D:5)
  A sky beast (D:5)
  A black bear (D:7)
  A centaur (D:8)
  A scorpion (D:7)
  An iguana (D:4)
  A jelly (D:7)
  2 orc wizards (D:4)
  A giant frog skeleton (D:5)
  A hound (D:6)
  3 worker ants
  A worker ant zombie (D:5)
  6 adders
  A worm (D:3)
  A giant gecko (D:2)
  7 orcs
  A ball python (D:7)
  2 giant cockroaches
  A kobold (D:2)
  A bat (D:2)
  A goblin (D:2)
  2 rats
40 creatures vanquished.

Notes
Turn   | Place    | Note
--------------------------------------------------------------
     0 | D:1      | 4thArraOfDagon the Troll Hunter began the quest for the Orb.
     0 | D:1      | Reached XP level 1. HP: 19/19 MP: 0/0
    63 | D:2      | Reached skill level 1 in Unarmed Combat
    63 | D:2      | Reached XP level 2. HP: 27/27 MP: 1/1
    99 | D:2      | Reached XP level 3. HP: 18/33 MP: 2/2
   279 | D:5      | Entered Level 5 of the Dungeon
   339 | D:6      | Reached skill level 4 in Throwing
   339 | D:6      | Reached XP level 4. HP: 24/41 MP: 3/3
   402 | D:8      | Noticed a centaur
   402 | D:8      | Noticed a centaur
   441 | D:7      | Reached XP level 5. HP: 43/48 MP: 4/4
   489 | D:7      | Found a basalt altar of Yredelemnul.
   522 | D:7      | Noticed Joseph
   560 | D:7      | Noticed a black bear
   567 | D:7      | Killed Joseph
   567 | D:7      | Reached skill level 5 in Throwing
   567 | D:7      | Reached skill level 5 in Unarmed Combat
   567 | D:7      | Reached XP level 6. HP: 38/55 MP: 5/5
   571 | D:7      | Killed a black bear
   571 | D:7      | Reached skill level 6 in Unarmed Combat
   571 | D:7      | Reached XP level 7. HP: 37/62 MP: 6/6
   602 | D:7      | Found a sparkling altar of Nemelex Xobeh.
   769 | D:4      | Noticed youngkai's ghost (amateur MiBe)
   781 | D:4      | Gained mutation: You have a pair of small horns on your head. [potion of mutation]
   781 | D:4      | Gained mutation: You are dopey. (Int -2) [potion of mutation]
   781 | D:4      | Gained mutation: You are resistant to electric shocks. [potion of mutation]
   782 | D:4      | Gained mutation: You expend magic power (3 MP) to strengthen your wands. [potion of mutation]
   782 | D:4      | Gained mutation: Your body sometimes deteriorates upon taking damage. [potion of mutation]
   782 | D:4      | Gained mutation: You are covered in thick fur (AC +2). [potion of mutation]
   792 | D:4      | Killed youngkai's ghost
   792 | D:4      | Reached skill level 7 in Unarmed Combat
  1008 | D:3      | Found a shattered altar of Ashenzari.
  1093 | D:5      | Gained mutation: You have an increased reservoir of magic (+10% MP). [potion of mutation]
  1101 | D:5      | Noticed a sky beast
  1107 | D:5      | Killed a sky beast
  1111 | D:5      | Gained mutation: You can breathe flames. [mutagenic meat]
  1113 | D:5      | Lost mutation: You have an increased reservoir of magic (+10% MP). [mutagenic meat]
  1115 | D:5      | Gained mutation: You are frail (-10% HP). [mutagenic meat]
  1116 | D:5      | Gained mutation: Your flesh is heat resistant. [mutagenic meat]
  1182 | D:5      | Noticed Eustachio
  1191 | D:5      | Killed Eustachio
  1191 | D:5      | Reached XP level 8. HP: 60/63 MP: 7/7
  1381 | D:8      | Killed a centaur
  1381 | D:8      | Reached skill level 8 in Unarmed Combat
  1383 | D:8      | HP: 3/63 [centaur skeleton (6)]
  1384 | D:8      | HP: 1/63 [centaur skeleton (2)]
  1388 | D:8      | Slain by a centaur

Vault maps used:
D:1:      dpeg_arrival_signposts
D:2:      ecumenical_altar_1
D:3:      evilmike_ruin_ashenzari, lemuel_round_altar,
          grunt_temple_overflow_open, first_bread
D:4:      lightli_temple_of_fire, serial_co_window_serial, co_window_paths_a,
          co_window_paths_b, co_window_paths_b, co_window_corner_a,
          co_window_paths_a, co_window_of_opportunity_c,
          co_window_unsneaky_path_c, co_window_2corner, co_window_broadway_c,
          co_window_corner_b, glass_columns_a, glass_columns_c, glass_columns_a
D:5:      uniq_eustachio
D:6:      cheibrodos_worm_habitat, minmay_temple_entry_junction
D:7:      overflow_temple_1_default, nemelex_xobeh_ov_fountains_minmay,
          uniq_joseph
D:8:      nicolae_dithmenos_the_darkroom, dpeg_lair_monsters, grunt_ogre_cave,
          hangedman_abyss_or_decor_stagger, minivault_23, grunt_ministairs_10,
          kennysheep_generic_room_13

Action                   |  1- 3 |  4- 6 |  7- 9 || total
-------------------------+-------+-------+-------++-------
Melee: Unarmed           |    34 |    30 |    95 ||   159
Throw: Large rock        |     1 |     8 |       ||     9
       Throwing net      |       |     4 |       ||     4
  Use: Scroll            |       |     1 |     2 ||     3
       Potion            |       |       |     4 ||     4
 Stab: Sleeping          |     1 |       |       ||     1
       Held in net/web   |       |     1 |       ||     1
  Eat: Chunk             |     7 |     1 |    14 ||    22
